 Dungeon Crawl Stone Soup version 0.27.1-33-g824d729ab1 (webtiles) character file.

Game seed: 4171722358156005490

198 Gabide the Twirler (level 5, -5/32 HPs)
             Began as a Tengu Gladiator on Dec 18, 2021.
             Slain by Pikel (7 damage)
             ... on level 4 of the Dungeon.
             The game lasted 00:05:33 (2765 turns).

Gabide the Twirler (Tengu Gladiator)                Turns: 2765, Time: 00:05:34

Health: -5/32      AC:  6    Str: 15    XL:     5   Next: 77%
Magic:  6/6        EV: 15    Int:  9    God:
Gold:   106        SH:  0    Dex: 15    Spells: 4/4 levels left

rFire    + . .     SeeInvis .   e - +3 quarterstaff (chaos)
rCold    + + .     Faith    .   (shield currently unavailable)
rNeg     . . .     Spirit   .   f - +3 leather armour {rC+}
rPois    .         Reflect  .   c - +0 hat
rElec    .         Harm     .   g - scarf {rC+ rF+}
rCorr    .         Rampage  .   (no gloves)
Will     .....                  (boots unavailable)
Stlth    ++........             (no amulet)
HPRegen  0.10/turn              (no ring)
MPRegen  0.10/turn              (no ring)

@: flying quickly and evasively, quick
A: beak, talons 3, nimble flight
a: no special abilities


You were on level 4 of the Dungeon.
You visited 1 branch of the dungeon, and saw 4 of its levels.

You collected 106 gold pieces.

Inventory:

Hand Weapons
 e - a +3 quarterstaff of chaos (weapon)
Missiles
 d - a throwing net (quivered)
Armour
 c - a +0 hat (worn)
 f - a +3 leather armour of cold resistance (worn)
 g - a scarf of resistance (worn)
Jewellery
 k - a ring of ice
Wands
 a - a wand of iceblast (6)
 b - a wand of acid (12)
Potions
 h - 3 potions of lignification {unknown}
 i - a potion of heal wounds {unknown}
 j - 5 potions of curing
 l - a potion of degeneration {unknown}


   Skills:
 * Level 3.4 Fighting
 + Level 4.9 Staves
 - Level 2.0 Throwing
 + Level 1.5 Armour
 + Level 4.0 Dodging
 + Level 1.2 Stealth


You had 4 spell levels left.
You didn't know any spells.
Your spell library contained the following spells:

 Spells                   Type           Power      Damage    Failure   Level
 Summon Small Mammal      Summ           0%         N/A       45%         1
 Corpse Rot               Necr/Air       N/A        N/A       58%         2
 Poisonous Vapours        Pois/Air       0%         N/A       58%         2
 Call Canine Familiar     Summ           0%         N/A       83%         3
 Summon Guardian Golem    Hex/Summ       0%         N/A       83%         3
 Freezing Cloud           Conj/Ice/Air   0%         6-21      100%        5


Dungeon Overview and Level Annotations

Branches:
Dungeon (4/15)
 Temple: D:4-7

Altars:
The Shining One

Annotations:
D:4 Pikel


Innate Abilities, Weirdness & Mutations

You have a beak for a mouth.
You have claws for feet.
Your magical nature lets you fly swiftly and evasively.


Message History

Pikel shouts!
You hear a shout! x3
A lemure comes into view.
You barely miss the lemure. The lemure barely misses you.
You hit the lemure.
The lemure seems to slow down.
Your kick misses the lemure.
The lemure is moderately wounded.
The lemure barely misses you.
You barely miss the lemure. You peck the lemure, but do no damage.
The lemure is moderately wounded.
The lemure hits you but does no damage.
You closely miss Pikel. Your peck misses Pikel. The lemure hits you.
You completely miss Pikel. You claw Pikel, but do no damage.
Pikel closely misses you. The lemure hits you.
You completely miss Pikel. Your kick misses Pikel.
The lemure is no longer moving slowly.
A lemure comes into view.
Pikel zaps a wand.
The bolt of acid misses you. The lemure closely misses you.
The lemure completely misses you.
You closely miss Pikel. You peck Pikel, but do no damage.
Pikel says, "You'll make a fine lemure."
Pikel zaps a wand.
The bolt of acid hits you!
You are splashed with acid!
The lemure completely misses you. The lemure hits you. Pikel misses you.
Okay, then.
Throw: 3 throwing nets
Press: ? - help, Q - select action, (/) - cycle Shift-Dir - straight line, f - Pikel
Aim: Pikel, wielding a +2 whip of freezing, wearing a +0 robe and carrying a wand of acid (7) (53% to hit)
You throw a throwing net. The throwing net barely misses Pikel.
The throwing net closely misses the lemure.
The lemure misses you. The lemure hits you!
* * * LOW HITPOINT WARNING * * *
Throw: 2 throwing nets
Press: ? - help, Q - select action, (/) - cycle Shift-Dir - straight line, f/p - Pikel
Aim: Pikel, wielding a +2 whip of freezing, wearing a +0 robe and carrying a wand of acid (7) (53% to hit)
Okay, then.
Throw: 2 throwing nets
Press: ? - help, Q - select action, (/) - cycle Shift-Dir - straight line, f/p - Pikel
Aim: Pikel, wielding a +2 whip of freezing, wearing a +0 robe and carrying a wand of acid (7) (53% to hit)
You throw a throwing net. The throwing net barely misses Pikel.
The throwing net closely misses the lemure.
Pikel hits you with a +2 whip of freezing!
You die...

#(# #!#
##.# ...
..# ##5#
#5K# #5@#
#..#####.
#....)..#
#.......#
#<####..#
#.# ...
#.( ..
#### .


You could see Pikel and 3 lemures.

Vanquished Creatures
  Crazy Yiuf (D:2)
  Ijyb (D:3)
  3 gnolls (D:3)
  3 adders
  A worm (D:2)
  3 dart slugs
  5 ball pythons
  8 endoplasms
  7 giant cockroaches
  10 goblins
  7 hobgoblins
  3 quokkas
  6 bats
  5 frilled lizards
  8 kobolds
  3 rats
74 creatures vanquished.

Vanquished Creatures (others)
  4 plants (D:4)
4 creatures vanquished.

Grand Total: 78 creatures vanquished

Notes
Turn   | Place    | Note
-------+----------+-------------------------------------------
     0 | D:1      | Gabide the Tengu Gladiator began the quest for the Orb.
     0 | D:1      | Reached XP level 1. HP: 12/12 MP: 2/2
   243 | D:1      | Reached XP level 2. HP: 17/17 MP: 3/3
   732 | D:1      | Reached XP level 3. HP: 21/21 MP: 4/4
  1336 | D:2      | Reached XP level 4. HP: 27/27 MP: 5/5
  1748 | D:2      | Found a runed translucent door.
  1749 | D:2      | Noticed Crazy Yiuf
  2004 | D:2      | Killed Crazy Yiuf
  2005 | D:2      | Reached skill level 1 in Armour
  2053 | D:3      | Noticed Ijyb
  2064 | D:3      | Killed Ijyb
  2065 | D:3      | Reached skill level 1 in Stealth
  2065 | D:3      | Gained mutation: Your magical nature lets you fly swiftly
                  | and evasively. [Tengu growth]
  2065 | D:3      | Reached XP level 5. HP: 21/32 MP: 6/6
  2463 | D:3      | Found a glowing golden altar of the Shining One.
  2686 | D:3      | Found a faded altar of an unknown god.
  2753 | D:4      | Noticed a lemure
  2755 | D:4      | Noticed Pikel
  2756 | D:4      | Noticed a lemure
  2762 | D:4      | Noticed a lemure
  2765 | D:4      | Slain by Pikel

Illustrated notes

Levels and vault maps discovered:
D:1:      dpeg_arrival_arbitrary_c, layout_loops_corners, kennysheep_boxes
D:2:      layout_loops_ring, minmay_pentomino_w4, uniq_crazy_yiuf_cottage
D:3:      layout_loops_cross, tso_altar, basic_ecumenical_altar, uniq_ijyb
D:4:      layout_loops_ring, serial_bayou_lagoon_a, grunt_decor_junction,
          uniq_sigmund, uniq_menkaure, uniq_pikel

Skill      XL: |  1  2  3  4 |
---------------+-------------+-----
Staves         | 4 |  4.9
Fighting       | 3 |  3.4
Armour         | 1 |  1.5
Dodging        | 4 |  4.0
Stealth        | 1 |  1.2
Throwing       | |  2.0

Action                   |  1- 3 |  4- 6 || total
-------------------------+-------+-------++-------
Melee: Quarterstaff      |    73 |    72 ||   145
       Kick              |    13 |    23 ||    36
       Peck              |    10 |    10 ||    20
Throw: Throwing net      |       |     2 ||     2
  Use: Scroll            |     1 |     5 ||     6
       Potion            |       |     1 ||     1
 Stab: Sleeping          |     1 |     6 ||     7
Armor: Leather armour    |    27 |    14 ||    41
Dodge: Dodged            |    41 |    53 ||    94
